 Dungeon Crawl Stone Soup version 0.30-a0-377-g5cb311bc9f (webtiles) character file.

Game seed: 2790056078075181912

270 ragingrage the Stinger (level 6, -2/36 HPs)
             Began as an Octopode Venom Mage on Nov 30, 2022.
             Succumbed to a scorpion's poison
             ... on level 4 of the Dungeon.
             The game lasted 00:03:57 (4410 turns).

ragingrage the Stinger (Octopode Venom Mage)        Turns: 4410, Time: 00:03:58

Health: -2/36      AC:  1    Str: 13    XL:     6   Next: 22%
Magic:  1/9        EV: 13    Int: 19    God:
Gold:   112        SH:  0    Dex: 13    Spells: 6/9 levels left

rFire   . . .      SeeInvis +    d - +2 short sword (flame)
rCold   . . .      Faith    .    (no shield)
rNeg    . . .      Spirit   .    (helmet restricted)
rPois   +          Reflect  .    (no amulet)
rElec   .          Harm     .    e - +6 ring of strength
rCorr   .          Rampage  .    p - ring of see invisible
Will    .....                    (no ring)
Stlth   ++++......               (no ring)
HPRegen 0.26/turn                (no ring)
MPRegen 0.11/turn                (no ring)
                                 (no ring)
                                 (no ring)

@: lethally poisoned (-2 -> -20)
A: almost no armour, amphibious, 8 rings, camouflage 1, gelatinous body 1,
(nimble swimmer 1), tentacles, beak, poison resistance
a: no special abilities


You were on level 4 of the Dungeon.
You visited 1 branch of the dungeon, and saw 4 of its levels.

You collected 112 gold pieces.

Inventory:

Hand Weapons
 d - a +2 short sword of flaming (weapon)
Missiles
 h - 21 poisoned darts
Jewellery
 e - a +6 ring of strength (left tentacle)
 p - a ring of see invisible (right tentacle)
Wands
 q - a wand of flame (23)
Scrolls
 b - 5 scrolls of identify {unknown}
 j - 3 scrolls of enchant armour {unknown}
 k - 2 scrolls of fear {unknown}
 n - a scroll of noise {unknown}
 o - a scroll of butterflies {unknown}
 r - a scroll of blinking {unknown}
Potions
 a - 2 potions of magic
 c - a potion of mutation
 f - a potion of might {unknown}
 g - a potion of ambrosia {unknown}
 i - 2 potions of curing {unknown}
 l - a potion of heal wounds {unknown}
 m - a potion of degeneration {unknown}


   Skills:
 - Level 2.0 Dodging
 + Level 4.4 Stealth
 - Level 2.0 Spellcasting
 - Level 1.0 Transmutations
 + Level 3.3 Air Magic
 + Level 6.2 Poison Magic


You had 6 spell levels left.
You knew the following spells:

 Your Spells              Type           Power      Damage    Failure   Level
a - Sting                 Tmut/Pois      60%        1d6       3%          1
b - Poisonous Vapours     Pois/Air       38%        N/A       3%          2

Your spell library contained the following spells:

 Spells                   Type           Power      Damage    Failure   Level
 Spider Form              Tmut/Pois      15%        N/A       12%         3
 Olgreb's Toxic Radiance  Pois           25%        N/A       13%         4
 Mephitic Cloud           Conj/Pois/Air  13%        N/A       14%         3
 Sandblast                Erth           2%         2d4       17%         1
 Passwall                 Tmut/Erth      2%         N/A       21%         2
 Ensorcelled Hibernation  Hex/Ice        2%         N/A       26%         2
 Frozen Ramparts          Ice            2%         1d1       45%         3
 Stone Arrow              Conj/Erth      2%         3d7       45%         3
 Summon Guardian Golem    Hex/Summ       1%         N/A       45%         3
 Ice Form                 Ice/Tmut       3%         N/A       80%         4
 Anguish                  Hex/Necr       0%         N/A       86%         4
 Summon Ice Beast         Ice/Summ       1%         N/A       86%         4
 Orb of Destruction       Conj           0%         9d5       100%        7
 Spellforged Servitor     Conj/Summ      0%         N/A       100%        7


Dungeon Overview and Level Annotations

Branches:
Dungeon (4/15)
 Temple: D:4-7

Altars:


Innate Abilities, Weirdness & Mutations

You cannot wear most types of armour.
You are amphibious.
You can wear up to eight rings at the same time.
Your skin changes colour to match your surroundings (Stealth+).
Your rubbery body absorbs attacks. (AC +1, EV +1)
((You are camouflaged when in or above water. (Stealth+)))
You have tentacles for arms and can constrict up to eight enemies at once.
You have a beak for a mouth.
Your system is resistant to poisons. (rPois)


Message History

Your Stealth skill increases to level 4!
Your Air Magic skill increases to level 3!
Your Poison Magic skill increases to level 6!
Poisonous vapours surround the scorpion!
The scorpion is poisoned.
A scorpion is nearby!
You see here a hound corpse.
Poisonous vapours surround the scorpion!
The scorpion looks even sicker.
The scorpion barely misses you. The scorpion stings you.
You don't have enough magic to cast this spell.
Unknown command.
You hit the scorpion. You burn the scorpion. You grab the scorpion.
The scorpion is heavily wounded.
You constrict the scorpion, but do no damage.
The scorpion stings you.
You hit the scorpion but do no damage.
The scorpion is heavily wounded.
You constrict the scorpion. The scorpion stings you.
You are poisoned.
The scorpion poisons you!
You hit the scorpion but do no damage.
The scorpion is severely wounded.
You constrict the scorpion, but do no damage.
You feel very sick. The scorpion stings you!
* * * LOW HITPOINT WARNING * * *
You are more poisoned.
The scorpion poisons you!
You hit the scorpion but do no damage.
The scorpion is almost dead.
You constrict the scorpion, but do no damage.
* * * LOW HITPOINT WARNING * * *
You feel very sick.
You kill the scorpion!
You have reached level 6!
It was a potion of mutation.
You feel extremely strange.
Your mouth lengthens and hardens into a beak!
You feel resistant to poisons.
You die...

#.# ..### #.#
..... #.# #..#
#.####.####(.#####
#.....)...........
######o####.###?##
#......# #.# #
#.####.#
#.###.###.. #.#
#.# #.†@.......
#.# #)#
#.###.###..
####.####.# #.# .#
....<..##.# #.# ..
..........# #.# ..
.###.####.# #.# ..
.# #.# #.# #.# .
.# #.####.## #.#
.# #....)..###.#


There were no monsters in sight!

Vanquished Creatures
  A scorpion (D:4)
  A hound (D:4)
  An orc wizard (D:4)
  Natasha (thrice) (D:3)
  3 adders
  A worm (D:3)
  A dart slug (D:3)
  5 orcs
  3 endoplasms
  2 giant cockroaches
  4 goblins
  5 hobgoblins
  3 quokkas
  2 ball pythons
  4 bats
  5 kobolds
  2 rats (D:2)
46 creatures vanquished.

Notes
Turn   | Place    | Note
-------+----------+-------------------------------------------
     0 | D:1      | ragingrage the Octopode Venom Mage began the quest for the
                  | Orb.
     0 | D:1      | Reached XP level 1. HP: 11/11 MP: 3/3
   141 | D:1      | Reached skill level 4 in Poison Magic
   344 | D:1      | Reached XP level 2. HP: 17/17 MP: 3/5
   485 | D:1      | Learned a level 2 spell: Poisonous Vapours
  1034 | D:2      | Reached skill level 1 in Air Magic
  1034 | D:2      | Reached XP level 3. HP: 19/21 MP: 1/6
  1912 | D:3      | Reached skill level 5 in Poison Magic
  2527 | D:3      | Reached XP level 4. HP: 27/27 MP: 1/7
  2692 | D:3      | Noticed Natasha
  2699 | D:3      | Killed Natasha
  3290 | D:3      | Noticed Natasha
  3295 | D:3      | Killed Natasha
  3296 | D:3      | Reached XP level 5. HP: 19/31 MP: 1/8
  3441 | D:3      | Noticed Natasha
  3449 | D:3      | Killed Natasha
  4402 | D:4      | Reached skill level 6 in Poison Magic
  4410 | D:4      | Reached XP level 6. HP: 3/36 MP: 1/9
  4410 | D:4      | Gained mutation: You have a beak for a mouth. [potion of
                  | mutation]
  4410 | D:4      | Gained mutation: Your system is resistant to poisons.
                  | (rPois) [potion of mutation]
  4410 | D:4      | Succumbed to a scorpion's poison

Illustrated notes

Levels and vault maps discovered:
D:1:      dpeg_arrival_long_road, layout_rooms, grunt_decor_arrowhead,
          minmay_pentomino_z2
D:2:      layout_loops_corners
D:3:      layout_basic, serial_corexii_hall, chequers_hall_statues_wall_a,
          corexii_hall_statues_i, uniq_natasha
D:4:      minmay_angry_zag, layout_loops_ring,
          minmay_temple_entry_drinking_statues

Skill      XL: |  1  2  3  4  5 |
---------------+----------------+-----
Poison Magic   | 4 5 6 |  6.2
Air Magic      | 1 2 3 |  3.3
Stealth        | 3 4 |  4.4
Dodging        | |  2.0
Spellcasting   | |  2.0
Transmutations | |  1.0

Action                   |  1- 3 |  4- 6 || total
-------------------------+-------+-------++-------
Melee: Unarmed           |     3 |       ||     3
       Short sword       |    32 |    23 ||    55
       Constrict         |     7 |     5 ||    12
       Tentacles         |     4 |     5 ||     9
 Cast: Sting             |    12 |       ||    12
       Poisonous Vapours |    36 |    28 ||    64
  Use: Potion            |       |     1 ||     1
 Stab: Sleeping          |     2 |     1 ||     3
Armor: Skin              |     3 |     3 ||     6
Dodge: Dodged            |    30 |     8 ||    38

Table legend: (Time is in decaauts)
 A = Elapsed time spent in this place.
 B = Non-inter-level travel time spent in this place.
 C = Inter-level travel time spent in this place.
 D = Time resting spent in this place.
 E = Time spent auto-exploring this place.
 F = Levels seen in this place.
 G = Mean time per level.
                   A        B        C        D        E       F      G
               +--------+--------+--------+--------+--------+-----+--------+
         Total |   4408 |   4285 |    123 |    225 |   3640 |   4 | 1102.0 |
       Dungeon |   4408 |   4285 |    123 |    225 |   3640 |   4 | 1102.0 |
               +--------+--------+--------+--------+--------+-----+--------+

Top non-repeatable levels by time:
     D:3: 2299 daAuts
     D:2: 1195 daAuts
     D:1: 731 daAuts
     D:4: 182 daAuts
